 Dungeon Crawl Stone Soup version 0.26.1-11-gd32895ea62 (webtiles) character file.

Game seed: 10655977593919485914

20148 Eitelfritz the Carver (level 12, -2/107 HPs)
             Began as a Minotaur Gladiator on July 16, 2021.
             Was an Elder of Wu Jian.
             Slain by a death knight
             ... wielding a +1 great sword
              (20 damage)
             ... on level 13 of the Dungeon.
             The game lasted 00:41:08 (16014 turns).

Eitelfritz the Carver (Minotaur Gladiator)         Turns: 16014, Time: 00:41:08

Health: -2/107     AC: 17    Str: 21      XL:     12   Next: 42%
Magic:  11/11      EV: 17    Int:  3 (7)  God:    Wu Jian [****..]
Gold:   610        SH:  0    Dex: 13      Spells: 11/11 levels left

rFire    . . .     SeeInvis .   a - +0 double sword (drain)
rCold    + + .     Faith    .   (no shield)
rNeg     . . .     Spirit   .   h - +0 ice dragon scales
rPois    .         Reflect  +   I - +2 hat
rElec    .         Harm     .   x - +0 cloak
rCorr    .         Rampage  .   (no gloves)
Will     .....                  s - +0 pair of boots
Stlth    ..........             B - amulet of reflection
HPRegen  0.27/turn              j - ring of protection from fire
MPRegen  0.12/turn              J - ring of Qafeseuh {+Blink EV+4}

@: confused, mighty, afraid
A: retaliatory headbutt, horns 2
a: Renounce Religion, Evoke Blink, Wall Jump, Serpent's Lash


You were on level 13 of the Dungeon.
You worshipped Wu Jian.
Wu Jian was greatly pleased with you.
You visited 2 branches of the dungeon, and saw 14 of its levels.

You collected 769 gold pieces.
You spent 159 gold pieces at shops.

Inventory:

Hand Weapons
 a - a +0 double sword of draining (weapon)
 b - the +9 shortbow "Xuar" {freeze, Will+ Str+3 Dex+4}
   (You found it on level 9 of the Dungeon)

   It causes projectiles fired from it to freeze those they strike, causing
   extra injury to most foes and up to half again as much damage against
   particularly susceptible opponents.
   They can also slow down cold-blooded creatures.
   It affects your strength (+3).
   It affects your dexterity (+4).
   It affects your willpower, your defense against some magical effects.
 c - a +2 long sword of holy wrath
Missiles
 d - 8 throwing nets
 r - 15 silver boomerangs
 A - 170 arrows
 Q - 6 javelins (quivered)
Armour
 h - +0 ice dragon scales (worn)
 p - a +0 ring mail
 s - a +0 pair of boots (worn)
 x - a +0 cloak (worn)
 I - a +2 hat (worn)
 Y - a +0 kite shield of positive energy
Jewellery
 j - a ring of protection from fire (left hand)
 n - an uncursed ring of protection from fire
 t - an uncursed ring of magical power
 u - an uncursed amulet of the acrobat
 B - an amulet of reflection (around neck)
 J - the ring of Qafeseuh (right hand) {+Blink EV+4}
   (You found it on level 6 of the Dungeon)

   [ring of evasion]

   It affects your evasion (+4).
   It lets you blink.
 L - an uncursed ring of protection from cold
 M - the amulet "Haod" {Spirit rF- Int+5 Dex-2}
   (You found it on level 7 of the Dungeon)

   [amulet of guardian spirit]

   It causes incoming damage to be split between your health and magic.
   It affects your intelligence (+5).
   It affects your dexterity (-2).
   It makes you vulnerable to fire.
Wands
 l - a wand of random effects (17)
 q - a wand of acid (30)
 F - a wand of flame (14)
 N - a wand of paralysis (9)
 O - a wand of iceblast (12)
 T - a wand of enslavement (10)
Scrolls
 e - 3 scrolls of blinking
 f - 9 scrolls of enchant weapon
 g - 9 scrolls of teleportation
 k - 8 scrolls of identify
 o - 6 scrolls of remove curse
 y - a scroll of amnesia
 G - 2 scrolls of magic mapping
 K - a scroll of acquirement
 W - a scroll of silence
Potions
 i - a potion of might
 m - 3 potions of mutation
 v - 2 potions of berserk rage
 w - 2 potions of curing
 z - 2 potions of flight
 C - 5 potions of brilliance
 D - 2 potions of haste
 E - 4 potions of attraction
 H - 3 potions of resistance
 R - a potion of ambrosia {unknown}
 U - 2 potions of cancellation {unknown}


   Skills:
 + Level 10.3 Fighting
 + Level 14.5 Long Blades
 + Level 7.2 Bows
 + Level 2.6 Throwing
 + Level 9.6 Armour
 + Level 7.5 Dodging
 + Level 2.6 Stealth
 + Level 6.8 Shields
 + Level 3.5 Evocations


You had 11 spell levels left.
You didn't know any spells.
Your spell library contained the following spells:

 Spells                   Type           Power        Failure   Level
 Freeze                   Ice            0%           86%         1
 Shock                    Conj/Air       0%           86%         1
 Sting                    Tmut/Pois      0%           86%         1
 Poisonous Vapours        Pois/Air       0%           95%         2
 Swiftness                Air            0%           95%         2
 Frozen Ramparts          Ice            0%           99%         3
 Ignite Poison            Fire/Tmut/Pois 0%           99%         3
 Mephitic Cloud           Conj/Pois/Air  0%           99%         3
 Ozocubu's Armour         Ice            0%           99%         3
 Static Discharge         Conj/Air       0%           99%         3
 Airstrike                Air            0%           100%        4
 Hailstorm                Conj/Ice       0%           100%        4
 Olgreb's Toxic Radiance  Pois           0%           100%        4
 Summon Ice Beast         Ice/Summ       0%           100%        4
 Lightning Bolt           Conj/Air       0%           100%        5


Dungeon Overview and Level Annotations

Branches:
Dungeon (13/15)            Temple (1/1) D:6            Lair (0/6) D:11
    Orc (0/2) D:9
 Vaults: D:13-14

Altars:
Ashenzari
Cheibriados
Dithmenos
Elyvilon
Fedhas
Gozag
Hepliaklqana
Kikubaaqudgha
Makhleb
Nemelex Xobeh
Okawaru
Qazlal
Ru
Sif Muna
Trog
Uskayaw
Vehumet
Wu Jian
Xom
Yredelemnul
Zin
The Shining One
Beogh

Shops:
D:4 =   D:5 ?   D:6 }

Annotations:
D:7 exclusion: ice statue
D:11 2 transporters, kalodont's ghost, journeyman KoEn
D:12 2 transporters


Innate Abilities, Weirdness & Mutations

You reflexively headbutt those who attack you in melee.
You have a pair of horns on your head.


Message History

The death knight is lightly wounded.
The death knight hits you with a +1 great sword!!
* * * LOW HITPOINT WARNING * * *
Your +2 long sword of holy wrath stops glowing.
You sense an unholy aura.
a - a +0 double sword of draining (weapon)
You feel very mighty all of a sudden.
The glowing orange brain pulsates.
You are confused.
The death knight misses you.
You closely miss the death knight.
You headbutt the death knight, but do no damage.
The death knight is lightly wounded.
You are no longer corroded.
The glowing orange brain pulsates.
You feel dopey. Something feeds on your intellect!
You're too confused to move!
The death knight hits you with a +1 great sword!!
You die...

....###≈.##..###..##
......##....##≈##..#
.......##..##≈≈≈##.#
........#..##≈..≈#.#
........##..##...#.#
..p......##.....##.#
.......#..###..##..#
##...####.ZG####..##
≈≈## ###h9p@..## #
########


You could see a death knight, a glowing orange brain (scary), a gargoyle, a
hound (summoned) and a centaur warrior skeleton (summoned).

Vanquished Creatures
  Harold (D:10)
  3 two-headed ogres
  A death knight (D:13)
  Urug (D:10)
  2 unseen horrors (D:11)
  A phantasmal warrior (D:12)
  An ugly thing (D:13)
  A cyclops (D:11)
  3 manticores
  A centaur zombie (D:12)
  3 demonic crawlers (D:13)
  3 komodo dragons
  3 trolls
  6 slime creatures (D:12)
  A shadow (D:10)
  3 wraiths
  3 yaks (D:11)
  2 wyverns
  3 small abominations (D:13)
  An acid dragon (D:11)
  A floating eye (D:13)
  7 ice beasts
  3 sky beasts
  3 black bears
  7 orc warriors
  An eye of draining (D:8)
  8 ogres
  A phantom (D:8)
  7 centaurs
  8 big kobolds
  6 bullfrogs
  A gnoll sergeant (D:10)
  2 wyvern zombies
  A wyvern skeleton (D:9)
  3 scorpions
  A water moccasin skeleton (D:5)
  6 killer bees
  3 howler monkeys
  10 hounds
  2 centaur skeletons
  11 orc priests
  2 bullfrog skeletons
  13 orc wizards
  3 iguanas
  11 worker ants
  A killer bee zombie (D:6)
  A hound skeleton (D:4)
  2 worker ant zombies
  9 adders
  20 gnolls
  3 shadow imps
  5 white imps
  2 ufetubi
  2 oozes
  4 adder skeletons
  3 worms
  A dart slug (D:1)
  5 leopard geckos
  68 orcs
  A giant cockroach (D:3)
  3 hobgoblins
  12 jackals
  8 quokkas
  4 bats
  3 frilled lizards
  4 goblins
  A jackal skeleton (D:4)
  34 kobolds
  A quokka skeleton (D:4)
  A quokka zombie (D:5)
  4 rats
366 creatures vanquished.

Vanquished Creatures (others)
  A manticore (D:13)
1 creature vanquished.

Grand Total: 367 creatures vanquished

Notes
Turn   | Place    | Note
-------+----------+-------------------------------------------
     0 | D:1      | Eitelfritz the Minotaur Gladiator began the quest for the
                  | Orb.
     0 | D:1      | Reached XP level 1. HP: 18/18 MP: 0/0
    31 | D:1      | Reached skill level 4 in Long Blades
    36 | D:1      | Reached XP level 2. HP: 11/25 MP: 1/1
   536 | D:1      | Reached skill level 1 in Armour
   959 | D:2      | Found a burning altar of Makhleb.
   967 | D:2      | Reached XP level 3. HP: 15/30 MP: 2/2
  1939 | D:3      | Reached XP level 4. HP: 31/38 MP: 3/3
  2306 | D:3      | Reached skill level 5 in Long Blades
  2823 | D:3      | Reached XP level 5. HP: 30/45 MP: 4/4
  3548 | D:4      | Reached XP level 6. HP: 42/52 MP: 5/5
  3550 | D:4      | Reached skill level 6 in Long Blades
  3887 | D:4      | Found Hufefongi's Jewellery Shop.
  4169 | D:4      | You fall into a shaft and drop 2 floors!
  4203 | D:6      | Reached XP level 7. HP: 41/59 MP: 6/6
  4227 | D:6      | Reached skill level 7 in Long Blades
  4324 | D:6      | Reached skill level 5 in Armour
  4434 | D:6      | Reached skill level 1 in Stealth
  4809 | D:6      | Reached skill level 8 in Long Blades
  4814 | D:5      | Entered Level 5 of the Dungeon
  5076 | D:5      | Reached XP level 8. HP: 30/67 MP: 7/7
  5681 | D:5      | Reached skill level 5 in Fighting
  6085 | D:5      | Reached skill level 5 in Dodging
  6106 | D:5      | Reached skill level 9 in Long Blades
  6109 | D:5      | Found Leihod's Magic Scroll Shoppe.
  6130 | D:5      | Bought a scroll of remove curse for 33 gold pieces
  6130 | D:5      | Bought a scroll of magic mapping for 38 gold pieces
  6343 | D:5      | Bought a scroll of identify for 22 gold pieces
  6343 | D:5      | Bought a scroll of identify for 22 gold pieces
  6343 | D:5      | Bought a scroll of identify for 22 gold pieces
  6343 | D:5      | Bought a scroll of identify for 22 gold pieces
  6424 | D:6      | Found a staircase to the Ecumenical Temple.
  6474 | D:6      | Found Juitil's Gadget Emporium.
  6556 | D:6      | Got a scintillating bone ring
  6716 | D:6      | Identified the ring of Qafeseuh {+Blink EV+4} (You found it
                  | on level 6 of the Dungeon)
  6769 | Temple   | Entered the Ecumenical Temple
  7112 | Temple   | Became a worshipper of the Wu Jian Council
  7208 | D:7      | Reached skill level 1 in Shields
  7585 | D:7      | Noticed an ice statue
  7622 | D:7      | Reached XP level 9. HP: 71/75 MP: 8/8
  7690 | D:7      | Reached * piety under Wu Jian
  7821 | D:7      | Found a shadowy altar of Dithmenos.
  7842 | D:7      | Got a pitted platinum amulet
  7888 | D:7      | Reached skill level 10 in Long Blades
  7992 | D:7      | Reached skill level 1 in Evocations
  8535 | D:8      | Found a sparkling altar of Nemelex Xobeh.
  8594 | D:8      | Reached skill level 11 in Long Blades
  9019 | D:9      | Identified the amulet "Haod" {Spirit rF- Int+5 Dex-2} (You
                  | found it on level 7 of the Dungeon)
  9061 | D:9      | Got a transparent shortbow
  9062 | D:9      | Identified the +9 shortbow "Xuar" {freeze, Will+ Str+3
                  | Dex+4} (You found it on level 9 of the Dungeon)
  9171 | D:9      | Reached skill level 1 in Bows
  9446 | D:9      | Reached ** piety under Wu Jian
  9457 | D:9      | Found a roughly hewn altar of Beogh.
  9467 | D:9      | HP: 3/78 [orc priest/divine providence (11)]
  9862 | D:9      | Reached XP level 10. HP: 78/86 MP: 9/9
  9947 | D:9      | Found a staircase to the Orcish Mines.
 10709 | D:10     | Entered Level 10 of the Dungeon
 10723 | D:10     | Noticed Harold
 10755 | D:10     | Killed Harold
 10756 | D:10     | Reached skill level 12 in Long Blades
 10968 | D:10     | Noticed Urug
 10993 | D:10     | Killed Urug
 11539 | D:10     | Noticed a two-headed ogre
 11546 | D:10     | Killed a two-headed ogre
 11612 | D:10     | Reached *** piety under Wu Jian
 12008 | D:10     | Reached XP level 11. HP: 95/95 MP: 10/10
 12236 | D:10     | Reached skill level 5 in Shields
 12402 | D:11     | Found a staircase to the Lair.
 12538 | D:11     | Found a transporter.
 12542 | D:11     | Found a transporter.
 12542 | D:11     | Noticed kalodont's ghost (journeyman KoEn)
 12544 | D:11     | Noticed a two-headed ogre
 12570 | D:11     | Reached skill level 13 in Long Blades
 12712 | D:11     | Reached **** piety under Wu Jian
 12863 | D:11     | Killed an unseen horror
 13347 | D:11     | Killed an unseen horror
 13859 | D:12     | Found a transporter.
 13876 | D:12     | Noticed a deep elf knight
 13882 | D:12     | Found a transporter.
 13884 | D:12     | Noticed a two-headed ogre
 13899 | D:12     | Killed a two-headed ogre
 14237 | D:12     | Reached skill level 5 in Bows
 14278 | D:12     | Reached skill level 14 in Long Blades
 14874 | D:12     | Found a shimmering blue altar of Sif Muna.
 15162 | D:12     | Identified a scroll of acquirement
 15162 | D:12     | Acquired a +0 double sword of draining
 15190 | D:13     | Noticed a death knight
 15190 | D:13     | Noticed a phantasmal warrior
 15207 | D:12     | Killed a phantasmal warrior
 15208 | D:12     | Reached XP level 12. HP: 106/106 MP: 11/11
 15253 | D:13     | Killed a death knight
 15254 | D:13     | Reached skill level 10 in Fighting
 15371 | D:13     | Noticed a two-headed ogre
 15377 | D:13     | Killed a two-headed ogre
 15761 | D:13     | Paralysed by a floating eye for 4 turns
 15975 | D:13     | Noticed a death knight
 16014 | D:13     | Slain by a death knight

Illustrated notes

Levels and vault maps discovered:
D:1:      heliophobic_arrival_enchanted_forest, layout_basic
D:2:      layout_basic, makhleb_heckhound_becter
D:3:      layout_rooms, serial_co_window_serial, co_window_paths_a,
          co_window_paths_a, co_window_corner_a, co_window_corner_a,
          co_window_corner_a, co_window_broadway_a, co_window_2corner,
          co_window_corner_b, co_window_corner_b, co_window_corner_b,
          dk_vineyard_2
D:4:      layout_basic, serial_shops, nicolae_shop_trees
D:5:      layout_gridville, kennysheep_small_circle
D:6:      layout_cave_pools, minmay_temple_entry_grid, serial_shops, shop,
          minmay_starry_boxes
D:7:      lemuel_ice_statue, layout_loops_ring, basic_altar
D:8:      layout_rooms, minmay_misc_feat_more_columns,
          minmay_misc_feat_diagonals, nemelex_diamond_rough_becter
D:9:      layout_layer_cave, david_orc_5
D:10:     layout_basic, minmay_unpleasant_kobolds, uniq_urug, uniq_harold
D:11:     layout_basic, dpeg_oklobed_lair, gammafunk_ghost_arena,
          lemuel_another_geyser
D:12:     gammafunk_wand_slinger, layout_small_grid, basic_altar
D:13:     cheibrodos_hippocracy, layout_small_grid, nicolae_twisting_strands,
          hangedman_abyss_or_decor_stagger, minmay_misc_feat_encased
Temple:   compressed_dpeg_triangle_lava_temple

Skill      XL: |  1  2  3  4  5  6  7  8  9 10 11 12 |
---------------+-------------------------------------+-----
Long Blades    | 4 5 6 8 9 11 12 14 | 14.5
Armour         | 1 2 3 4 5 6 7 8 9 |  9.6
Fighting       | 3 4 6 7 8 9 10 | 10.3
Dodging        | 4 5 6 7 |  7.5
Stealth        | 1 2 |  2.6
Shields        | 1 2 4 6 |  6.8
Evocations     | 2 3 |  3.5
Bows           | 1 4 5 7 |  7.2
Throwing       | |  2.6

Action                   |  1- 3 |  4- 6 |  7- 9 | 10-12 || total
-------------------------+-------+-------+-------+-------++-------
Melee: Long sword        |    50 |   153 |   375 |   498 ||  1076
       Headbutt          |     9 |    36 |    95 |   150 ||   290
       Double sword      |       |       |       |    66 ||    66
 Fire: Shortbow          |       |       |    29 |   107 ||   136
Throw: Dart              |       |       |     5 |       ||     5
       Javelin           |       |       |       |     4 ||     4
Invok: Lunge             |       |       |    30 |    35 ||    65
       Whirlwind         |       |       |     5 |    27 ||    32
 Abil: Evoke Blink       |       |       |    18 |     9 ||    27
  Use: Scroll            |       |    12 |    12 |     4 ||    28
       Potion            |       |       |     4 |     1 ||     5
Armor: Leather armour    |     8 |       |       |       ||     8
       Ring mail         |     3 |    67 |    38 |       ||   108
       Ice dragon scales |       |       |    87 |   168 ||   255
Dodge: Dodged            |    56 |   121 |   224 |   247 ||   648
Block: Other             |       |       |    61 |    77 ||   138
       Reflection        |       |       |     2 |     7 ||     9
       Kite shield       |       |       |       |    32 ||    32
       Rpst.: Long sword |    13 |    35 |    46 |    54 ||   148
       Double sword      |       |       |       |     2 ||     2
